 Dungeon Crawl Stone Soup version 0.27-a0-668-gb5737ff2c0 (webtiles) character file.

Game seed: 8178102944655388556

553 jasper the Cleaver (level 7, 0/57 HPs)
             Began as a Minotaur Berserker on Mar 17, 2021.
             Was a Follower of Trog.
             Slain by a phantom (6 damage)
             ... on level 6 of the Dungeon.
             The game lasted 00:02:10 (1184 turns).

jasper the Cleaver (Minotaur Berserker)             Turns: 1184, Time: 00:02:10

Health: 0/57       AC:  6    Str: 21    XL:     7   Next: 8%
Magic:  6/6        EV: 11    Int:  4    God:    Trog [*.....]
Gold:   62         SH:  0    Dex: 12    Spells: 6/6 levels left

rFire    . . .     SeeInvis .   a - +0 hand axe
rCold    . . .     Faith    .   (no shield)
rNeg     . . .     Spirit   .   g - +0 ring mail
rPois    .         Reflect  .   (helmet restricted)
rElec    .         Harm     .   d - +0 cloak
rCorr    .         Rampage  .   (no gloves)
Will     .....                  (no boots)
Stlth    +.........             (no amulet)
HPRegen  0.19/turn              (no ring)
MPRegen  0.10/turn              (no ring)

@: lethally poisoned (0 -> -6), berserk cooldown, slowed, very slow
A: horns 2, retaliatory headbutt
a: Renounce Religion, Berserk


You were on level 6 of the Dungeon.
You worshipped Trog.
Trog was aware of your devotion.
You visited 1 branch of the dungeon, and saw 6 of its levels.

You collected 62 gold pieces.

Inventory:

Hand Weapons
 a - a +0 hand axe (weapon)
 c - a +0 mace
 h - a +0 shortbow
Missiles
 i - 26 arrows
 m - 18 bolts
Armour
 b - a +0 animal skin
 d - a +0 cloak (worn)
 g - a +0 ring mail (worn)
Wands
 j - a wand of digging (5)
Scrolls
 f - a scroll of identify {unknown}
Potions
 l - a potion of might {unknown}


   Skills:
 - Level 3.6 Fighting
 + Level 9.7 Axes
 - Level 2.4 Armour
 - Level 2.1 Dodging


You had 6 spell levels left.
You didn't know any spells.
Your spell library was empty.

Dungeon Overview and Level Annotations

Branches:
Dungeon (6/15)
 Temple: D:4-7

Altars:
Elyvilon

Shops:
D:5 (


Innate Abilities, Weirdness & Mutations

You have a pair of horns on your head.
You reflexively headbutt those who attack you in melee.


Message History

You hit the phantom.
The phantom is moderately damaged.
You feel sick. The phantom hits you.
The phantom blinks!
You blink.
A jelly comes into view.
The phantom hits you!
The jelly quivers.
You take 14 damage, and have 33/57 hp.
MASSIVE DAMAGE!!
You hit the phantom. Your headbutt misses the phantom.
The phantom is heavily damaged.
You hit the jelly.
Your hands burn!
You feel sick. The jelly hits you but does no damage. The bullfrog hits you.
The phantom hits you but does no damage.
You take 6 damage, and have 27/57 hp.
You closely miss the phantom.
The phantom is heavily damaged.
You closely miss the bullfrog. You hit the jelly but do no damage.
Your hands burn!
You feel sick. The bullfrog closely misses you.
The jelly hits you but does no damage. The phantom misses you.
The bullfrog hits you. The jelly hits you but does no damage.
You take 8 damage, and have 19/57 hp.
Okay, then.
You barely miss the phantom. Your headbutt misses the phantom.
The phantom is heavily damaged.
You hit the jelly.
Your hands burn!
You hit the bullfrog but do no damage.
You feel sick. The bullfrog hits you.
* * * LOW HITPOINT WARNING * * *
The phantom hits you.
* * * LOW HITPOINT WARNING * * *
The jelly hits you but does no damage. The bullfrog misses you.
You furiously retaliate!
You headbutt the bullfrog, but do no damage.
You take 12 damage, and have 7/57 hp.
MASSIVE DAMAGE!!
Okay, then.
Okay, then.
It was a potion of berserk rage.
You're still recovering from your berserk rage.
* * * LOW HITPOINT WARNING * * *
You feel sick. The bullfrog barely misses you. You furiously retaliate!
You headbutt the bullfrog. The phantom hits you.
You die...

########## .....>...##
..........#
.......@..#
......JWF.# ##########
..........# #.......<#
..........###.#.....##
..........'.#.#...#.#
..........#)#.....#[#
..........#.##.#.##.#
..........#.##.#....#
#.##...####


You could see a phantom, a bullfrog and a jelly.

Vanquished Creatures
  Sigmund (D:6)
  A sky beast (D:5)
  A centaur (D:5)
  A phantom (D:5)
  A bullfrog (D:5)
  A howler monkey (D:5)
  2 adders (D:5)
  A dart slug (D:2)
  3 leopard geckos
  An orc (D:5)
  2 giant cockroaches
  A ball python (D:3)
  A leopard gecko skeleton (D:5)
  A leopard gecko zombie (D:5)
18 creatures vanquished.

Notes
Turn   | Place    | Note
-------+----------+-------------------------------------------
     0 | D:1      | jasper the Minotaur Berserker began the quest for the Orb.
     0 | D:1      | Reached XP level 1. HP: 19/19 MP: 0/0
    15 | D:2      | Reached skill level 4 in Axes
   622 | D:5      | Entered Level 5 of the Dungeon
   623 | D:5      | Noticed a centaur
   629 | D:5      | Killed a centaur
   630 | D:5      | Reached skill level 6 in Axes
   630 | D:5      | Reached XP level 2. HP: 26/26 MP: 1/1
   630 | D:5      | Reached XP level 3. HP: 31/31 MP: 2/2
   630 | D:5      | Reached XP level 4. HP: 39/39 MP: 3/3
   784 | D:5      | Found a white marble altar of Elyvilon.
   810 | D:5      | Found Plog's Antique Weapon Emporium.
   836 | D:5      | Noticed a phantom
   845 | D:5      | Killed a phantom
   846 | D:5      | Reached skill level 7 in Axes
   846 | D:5      | Reached XP level 5. HP: 40/45 MP: 4/4
   931 | D:5      | Noticed a sky beast
   942 | D:5      | Killed a sky beast
   943 | D:5      | Reached skill level 8 in Axes
   943 | D:5      | Reached XP level 6. HP: 51/51 MP: 5/5
  1162 | D:6      | Noticed Sigmund
  1174 | D:6      | Killed Sigmund
  1175 | D:6      | Reached skill level 9 in Axes
  1175 | D:6      | Reached XP level 7. HP: 57/57 MP: 6/6
  1184 | D:6      | Slain by a phantom

Illustrated notes

Levels and vault maps discovered:
D:1:      dpeg_arrival_fog, layout_loops_corners, chequers_big_river
D:2:      minmay_razor_zed, layout_loops_ring, nicolae_gozag_zags_fifth_avenue
D:3:      layout_loops_corners, nicolae_uskayaw_suspiria, corexii_hall_statues_x
D:4:      layout_loops_corners, minmay_temple_entry_crystal_x
D:5:      layout_cave_pools, elyvilon_altar_4, serial_shops,
          nicolae_shop_waterfront
D:6:      minmay_klotski, layout_basic, serial_bayou_pond_b, uniq_eustachio,
          uniq_duvessa, uniq_grinder, uniq_sigmund

Skill      XL: |  1  2  3  4  5  6 |
---------------+-------------------+-----
Axes           | 6 7 8 9 |  9.7
Fighting       | |  3.6
Armour         | |  2.4
Dodging        | |  2.1

Action                   |  1- 3 |  4- 6 |  7- 9 || total
-------------------------+-------+-------+-------++-------
Melee: Hand axe          |    11 |    39 |     7 ||    57
       Headbutt          |     2 |     7 |       ||     9
Invok: Berserk           |     1 |     5 |       ||     6
  Use: Scroll            |       |     2 |       ||     2
       Potion            |       |       |     2 ||     2
Armor: Animal skin       |     2 |       |       ||     2
       Ring mail         |     1 |    10 |     5 ||    16
Dodge: Dodged            |     6 |    12 |     7 ||    25

Table legend: (Time is in decaauts)
 A = Elapsed time spent in this place.
 B = Non-inter-level travel time spent in this place.
 C = Inter-level travel time spent in this place.
 D = Time resting spent in this place.
 E = Time spent auto-exploring this place.
 F = Levels seen in this place.
 G = Mean time per level.
                   A        B        C        D        E       F      G
               +--------+--------+--------+--------+--------+-----+--------+
         Total |   1227 |   1166 |     61 |    448 |    480 |   6 |  204.5 |
       Dungeon |   1227 |   1166 |     61 |    448 |    480 |   6 |  204.5 |
               +--------+--------+--------+--------+--------+-----+--------+

Top non-repeatable levels by time:
     D:5: 548 daAuts
     D:4: 324 daAuts
     D:3: 249 daAuts
     D:6: 56 daAuts
     D:2: 44 daAuts
     D:1: 4 daAuts
